 Dungeon Crawl Stone Soup version 0.29.1-1-gd02db6906a (webtiles) character file.

Game seed: 16844805934312101219

4909 LabCoat the Fighter (level 10, 0/139 HPs)
             Began as a Hill Orc Fighter on Oct 4, 2022.
             Was a Follower of Trog.
             Slain by a centaur
             ... wielding a +0 quarterstaff
              (2 damage)
             ... on level 9 of the Dungeon.
             The game lasted 00:28:32 (9131 turns).

LabCoat the Fighter (Hill Orc Fighter)              Turns: 9131, Time: 00:28:32

Health: 0/139      AC: -4    Str: 24    XL:     10   Next: 51%
Magic:  10/10      EV: 10    Int:  8    God:    Trog [*.....]
Gold:   388        SH:  8    Dex: 10    Spells: 9/9 levels left

rFire   . . .      SeeInvis .   m - +2 war axe (vamp)
rCold   . . .      Faith    .   v - +0 kite shield
rNeg    . . .      Spirit   .   D - +0 plate armour
rPois   +          Reflect  .   p - +0 helmet
rElec   .          Harm     .   y - scarf {repulsion}
rCorr   .          Rampage  .   (no gloves)
Will    .....                   (no boots)
Stlth   ..........              (no amulet)
HPRegen 0.33/turn               j - +4 ring of evasion
MPRegen 0.12/turn               A - ring of poison resistance

@: berserking, corroded, repel missiles, very quick
A: no striking features
a: Renounce Religion, Berserk


You were on level 9 of the Dungeon.
You worshipped Trog.
Trog was aware of your devotion.
You visited 2 branches of the dungeon, and saw 10 of its levels.

You collected 388 gold pieces.

Inventory:

Hand Weapons
 a - a +0 morningstar
 m - a +2 vampiric war axe (weapon)
Missiles
 b - 22 poisoned darts
 e - 7 boomerangs (quivered)
 q - 3 throwing nets
 s - 5 curare-tipped darts
Armour
 p - a +0 helmet (worn)
 v - a +0 kite shield (worn)
 y - a scarf of repulsion (worn)
 D - a +0 plate armour (worn)
Jewellery
 g - a ring of fire
 j - a +4 ring of evasion (left hand)
 u - a ring of protection from cold
 A - a ring of poison resistance (right hand)
 B - a ring of flight
Wands
 o - a wand of roots (19)
 t - a wand of charming (8)
 w - a wand of flame (78)
Scrolls
 c - 3 scrolls of teleportation
 h - 2 scrolls of magic mapping
 z - a scroll of fog {unknown}
 C - a scroll of enchant weapon {unknown}
Potions
 d - a potion of might
 i - 2 potions of haste
 k - 2 potions of lignification
 l - 2 potions of curing
 n - 2 potions of degeneration {unknown}
 r - a potion of mutation {unknown}
 x - a potion of attraction {unknown}


   Skills:
 * Level 10.1 Fighting
 * Level 8.9 Axes
 + Level 4.7 Throwing
 + Level 8.2 Armour
 + Level 4.2 Dodging
 - Level 3.2 Shields
 + Level 4.5 Evocations


You had 9 spell levels left.
You didn't know any spells.
Your spell library contained the following spells:

 Spells                   Type           Power      Damage    Failure   Level
 Apportation              Tloc           0%         N/A       100%        1
 Necrotise                Necr           0%         1d4       100%        1
 Summon Small Mammal      Summ           0%         N/A       100%        1
 Call Canine Familiar     Summ           0%         N/A       100%        3
 Confusing Touch          Hex            0%         N/A       100%        3
 Stone Arrow              Conj/Erth      0%         3d7       100%        3
 Summon Guardian Golem    Hex/Summ       0%         N/A       100%        3
 Vampiric Draining        Necr           0%         2d6       100%        3
 Airstrike                Air            0%         2d(0-16)  100%        4
 Animate Armour           Summ/Erth      0%         N/A       100%        4
 Summon Lightning Spire   Summ/Air       0%         N/A       100%        4
 Agony                    Necr           0%         N/A       100%        5
 Lightning Bolt           Conj/Air       0%         1d11      100%        5
 Summon Forest            Summ/Tloc      0%         N/A       100%        5
 Summon Mana Viper        Hex/Summ       0%         N/A       100%        5
 Yara's Violent Unravell  Hex/Tmut       0%         3d3       100%        5
 Summon Cactus Giant      Summ           0%         N/A       100%        6
 Enfeeble                 Hex            0%         N/A       100%        7
 Lehudib's Crystal Spear  Conj/Erth      0%         10d2      100%        8


Dungeon Overview and Level Annotations

Branches:
Dungeon (9/15)             Temple (1/1) D:4             Orc (0/2) D:9
   Lair: D:8-11

Altars:
Ashenzari
Cheibriados
Dithmenos
Elyvilon
Fedhas
Gozag
Hepliaklqana
Kikubaaqudgha
Makhleb
Nemelex Xobeh
Okawaru
Qazlal
Ru
Sif Muna
Trog
Uskayaw
Vehumet
Wu Jian
Xom
Yredelemnul
Zin
The Shining One
Beogh

Annotations:
D:5 3 runed translucent doors, decrepitue's ghost, novice TrFi
D:6 1 runed translucent door, kwasso's ghost, amateur KoHu


Message History

The arrow barely misses you.
The centaur shoots an arrow.
The arrow hits you.
The centaur zaps a wand.
The bolt of acid hits you but does no damage.
The acid corrodes you!
The centaur zaps a wand.
The bolt of acid hits you! The acid corrodes you!
You barely miss the centaur.
The centaur zaps a wand.
The bolt of acid hits you! The acid corrodes you!
The centaur unwields a +0 shortbow.
The centaur wields a +0 quarterstaff.
You block the centaur's attack. The centaur closely misses you.
The centaur hits you with a +0 quarterstaff!
The centaur closely misses you.
You are too injured to fight recklessly!
Unknown command.
A red film seems to cover your vision as you go berserk!
You feel yourself moving faster!
You feel mighty! The centaur barely misses you. x2
The centaur hits you with a +0 quarterstaff!
The centaur kicks you.
You hit the centaur.
You feel better.
The centaur is lightly wounded.
The centaur hits you with a +0 quarterstaff!
You block the centaur's attack.
The centaur zaps a wand.
The bolt of acid hits you!
* * * LOW HITPOINT WARNING * * *
The acid corrodes you!
You slash the centaur!
You feel better.
The centaur is almost dead.
The centaur hits you with a +0 quarterstaff!
* * * LOW HITPOINT WARNING * * *
The centaur kicks you.
* * * LOW HITPOINT WARNING * * *
You hit the centaur.
You feel better.
The centaur is almost dead.
The centaur zaps a wand.
The bolt of acid hits you!
* * * LOW HITPOINT WARNING * * *
The acid corrodes you!
The centaur hits you with a +0 quarterstaff!
* * * LOW HITPOINT WARNING * * *
The centaur kicks you.
You die...

............#.#
............#.###############
..#####.)>..#...............#
. #...........########.##
#...........# #.#
#...........# #.#
#...........# #.#
#.......c...# #.#
#.......@...# #.#
#...........# #.#
#...........# #.#
...........# #.# ...........#
#.# ...........# #.#
...........# ###.#
...........# #...#
..##...##### #.###


You could see a centaur (fast).

Vanquished Creatures
  Joseph (D:7)
  A troll (D:9)
  A hornet (D:8)
  A wyvern (D:7)
  A steam dragon (D:9)
  An acid dragon (D:9)
  An ice beast (D:4)
  2 black bears (D:5)
  2 sky beasts (D:8)
  5 orc warriors (D:9)
  2 ogres
  4 centaurs
  A phantom (D:5)
  A kobold brigand (D:8)
  6 bullfrogs
  A gnoll sergeant (D:7)
  2 necrophages (D:7)
  4 scorpions
  3 wights (D:8)
  3 howler monkeys (D:9)
  A centaur zombie (D:5)
  8 hounds
  5 jellies
  4 orc priests
  A gnoll bouda (D:7)
  6 iguanas
  3 orc wizards (D:6)
  16 gnolls
  3 adders
  A shadow imp (D:6)
  A white imp (D:5)
  An adder zombie (D:5)
  2 worms (D:2)
  7 dart slugs
  34 orcs
  6 bats
  8 endoplasms
  4 giant cockroaches
  3 goblins
  8 hobgoblins
  3 quokkas
  8 ball pythons
  2 frilled lizards
  12 kobolds
  A rat (D:1)
191 creatures vanquished.

Vanquished Creatures (others)
  2 fungi (D:3)
  A plant (D:3)
  2 withered plants (D:3)
5 creatures vanquished.

Grand Total: 196 creatures vanquished

Notes
Turn   | Place    | Note
-------+----------+-------------------------------------------
     0 | D:1      | LabCoat the Hill Orc Fighter began the quest for the Orb.
     0 | D:1      | Reached XP level 1. HP: 19/19 MP: 1/1
   152 | D:1      | Reached XP level 2. HP: 22/27 MP: 2/2
   322 | D:1      | Reached skill level 4 in Fighting
   798 | D:1      | Reached XP level 3. HP: 31/33 MP: 3/3
  1505 | D:2      | Reached skill level 1 in Throwing
  1505 | D:2      | Reached XP level 4. HP: 16/41 MP: 4/4
  2399 | D:3      | Found a faded altar of an unknown god.
  2418 | D:3      | Reached XP level 5. HP: 43/47 MP: 5/5
  2970 | D:4      | Reached skill level 1 in Dodging
  2996 | D:4      | Found a staircase to the Ecumenical Temple.
  3011 | Temple   | Entered the Ecumenical Temple
  3172 | D:4      | Reached skill level 5 in Fighting
  3443 | D:4      | Noticed an ice beast
  3448 | D:4      | Reached XP level 6. HP: 56/56 MP: 6/6
  3455 | D:4      | Killed an ice beast
  3456 | D:4      | Reached skill level 5 in Armour
  3925 | D:5      | Entered Level 5 of the Dungeon
  3958 | D:5      | Reached XP level 7. HP: 50/62 MP: 7/7
  4088 | D:5      | Reached skill level 6 in Fighting
  4172 | D:5      | Reached skill level 1 in Evocations
  4320 | D:5      | Reached skill level 5 in Axes
  4617 | D:5      | Reached XP level 8. HP: 71/71 MP: 8/8
  4623 | D:5      | Found a runed translucent gate.
  4623 | D:5      | Found a runed translucent gate.
  4623 | D:5      | Found a runed translucent gate.
  4623 | D:5      | Noticed decrepitue's ghost (novice TrFi)
  4624 | D:5      | Found a basalt altar of Yredelemnul.
  4869 | D:5      | Reached skill level 7 in Fighting
  4884 | D:5      | Identified the +0 leather armour "Vaskuidgh" {rN++}
  5779 | D:6      | Found a hide-covered altar of Uskayaw.
  5920 | D:6      | Reached XP level 9. HP: 81/81 MP: 9/9
  6096 | D:6      | Reached skill level 8 in Fighting
  6443 | D:6      | Found a white marble altar of Elyvilon.
  6551 | D:6      | Found a runed translucent door.
  6555 | D:6      | Noticed kwasso's ghost (amateur KoHu)
  6783 | D:7      | Noticed Joseph
  6797 | D:7      | Killed Joseph
  7180 | D:7      | Found a shimmering blue altar of Sif Muna.
  7444 | D:7      | Found a bloodstained altar of Trog.
  7448 | D:7      | Became a worshipper of Trog the Wrathful
  7450 | D:7      | Found a stormy altar of Qazlal.
  7451 | D:7      | Found a sacrificial altar of Ru.
  7452 | D:7      | Found an iron altar of Okawaru.
  7466 | D:7      | Reached skill level 9 in Fighting
  7469 | D:7      | Found a broken altar of Ashenzari.
  7900 | D:8      | Noticed a hornet
  7911 | D:8      | Paralysed by a hornet for 1 turns
  7912 | D:8      | Killed a hornet
  7913 | D:8      | Reached XP level 10. HP: 52/91 MP: 10/10
  8227 | D:8      | Found a snail-covered altar of Cheibriados.
  8250 | D:8      | Identified the +6 falchion "Teosex" {speed, Stlth+}
  8443 | D:9      | Found a roughly hewn altar of Beogh.
  8443 | D:9      | Found a staircase to the Orcish Mines.
  8505 | D:9      | Reached * piety under Trog
  8881 | D:9      | Reached skill level 10 in Fighting
  9131 | D:9      | HP: 2/139 [centaur/+0 quarterstaff (12)]
  9131 | D:9      | Slain by a centaur

Illustrated notes

Levels and vault maps discovered:
D:1:      amcnicky_arrival_gap_in_the_tavern_cellar, layout_basic
D:2:      layout_basic
D:3:      layout_loops_corners, shapermc_ecumenical_altar_gd,
          nicolae_figureground_pulse
D:4:      layout_basic, temple_pool_b, chequers_serial_rivers_large_b
D:5:      layout_gridville, nicolae_yredelemnul_ghost_church,
          minmay_misc_feat_x, minmay_checkerbox
D:6:      layout_layer_cave, mainiacjoe_overflow_24_doors, old_standard_altar,
          ebering_ghost_reflecting_pool
D:7:      layout_loops_ring, general_overflow_altar, minitemple, uniq_joseph
D:8:      layout_basic, cheibriados_altar_1
D:9:      layout_basic, david_orc_5
Temple:   nicolae_temple_godzebo

Skill      XL: |  1  2  3  4  5  6  7  8  9 10 |
---------------+-------------------------------+-----
Fighting       | 4 5 6 7 9 10 | 10.1
Axes           | 3 4 5 7 8 |  8.9
Throwing       | 1 2 3 4 |  4.7
Armour         | 4 5 7 8 |  8.2
Dodging        | 1 2 3 4 |  4.2
Evocations     | 1 2 4 |  4.5
Shields        | |  3.2

Action                   |  1- 3 |  4- 6 |  7- 9 | 10-12 || total
-------------------------+-------+-------+-------+-------++-------
Melee: War axe           |    88 |    88 |   268 |   146 ||   590
Throw: Boomerang         |    48 |    53 |    88 |    17 ||   206
Invok: Berserk           |       |       |       |     1 ||     1
Evoke: Wand              |       |       |     4 |     6 ||    10
  Use: Scroll            |     6 |     2 |     3 |     1 ||    12
       Potion            |     1 |       |     3 |     3 ||     7
Armor: Scale mail        |    53 |    13 |       |       ||    66
       Chain mail        |       |    17 |   140 |    37 ||   194
       Plate armour      |       |       |       |    11 ||    11
Dodge: Dodged            |    63 |    53 |   164 |    58 ||   338
       Repelled          |       |       |       |     1 ||     1
Block: Buckler           |    28 |    22 |    64 |       ||   114
       Kite shield       |       |       |    36 |    41 ||    77
